 Dungeon Crawl Stone Soup version 0.29-a0-321-gf1c400731a (webtiles) character file.

Game seed: 1222297017744552592

1724 Morbidden the Chopper (level 8, -2/61 HPs)
             Began as a Demonspawn Fighter on Apr 3, 2022.
             Was a Priest of Okawaru.
             Slain by a vampire (10 damage)
             ... on level 5 of the Dungeon.
             The game lasted 00:09:14 (6786 turns).

Morbidden the Chopper (Demonspawn Fighter)          Turns: 6786, Time: 00:09:14

Health: -2/61      AC: 16    Str: 19    XL:     8   Next: 75%
Magic:  12/12      EV:  8    Int: 15    God:    Okawaru [***...]
Gold:   313        SH:  0    Dex: 13    Spells: 13/13 levels left

rFire   + . .      SeeInvis .   a - +1 war axe
rCold   . . .      Faith    .   c - +0 buckler
rNeg    . . .      Spirit   .   A - +0 plate armour
rPois   .          Reflect  .   (helmet restricted)
rElec   .          Harm     .   E - +0 cloak
rCorr   .          Rampage  .   (no gloves)
Will    .....                   (no boots)
Stlth   ..........              e - amulet of regeneration
HPRegen 1.00/turn               o - ring of wizardry
MPRegen 0.13/turn               b - +6 ring of intelligence

@: confused, heroic
A: horns 2, foul stench 2, sharp scales 1, fire resistance 1, evolution 1
a: Renounce Religion, Heroism


You were on level 5 of the Dungeon.
You worshipped Okawaru.
Okawaru was most pleased with you.
You visited 1 branch of the dungeon, and saw 5 of its levels.
You also visited: Sewer.

You collected 313 gold pieces.

Inventory:

Hand Weapons
 a - a +1 war axe (weapon)
Missiles
 m - 35 poisoned darts
 p - 2 silver boomerangs (quivered)
 z - 5 curare-tipped darts
 B - 2 boomerangs
Armour
 c - a +0 buckler (worn)
 A - a +0 plate armour (worn)
 E - a +0 cloak (worn)
Jewellery
 b - a +6 ring of intelligence (right hand)
 e - an amulet of regeneration (around neck)
 j - an amulet of guardian spirit
 o - a ring of wizardry (left hand)
 D - a ring of wizardry
Scrolls
 h - 2 scrolls of identify {unknown}
 k - a scroll of magic mapping
 l - 2 scrolls of amnesia {unknown}
 q - a scroll of summoning
 r - 3 scrolls of enchant weapon
 s - a scroll of teleportation
 v - a scroll of vulnerability {unknown}
 w - a scroll of holy word {unknown}
 x - a scroll of blinking {unknown}
 y - a scroll of fear {unknown}
 C - a scroll of noise {unknown}
 F - a scroll of fog
Potions
 d - 2 potions of might
 f - a potion of cancellation
 g - 2 potions of brilliance
 i - a potion of ambrosia
 n - a potion of haste {unknown}
 t - a potion of flight {unknown}
 u - a potion of curing {unknown}
 G - a potion of magic


   Skills:
 * Level 4.8(9.8) Fighting
 * Level 6.9(11.9) Axes
 + Level 1.2(6.2) Throwing
 + Level 3.9(8.9) Armour
 * Level 2.9(7.9) Dodging
 + Level 0.2(5.2) Stealth
 + Level 3.5(8.5) Shields
 * Level 3.0 Spellcasting
 * Level 4.3 Invocations


You had 13 spell levels left.
You didn't know any spells.
Your spell library contained the following spells:

 Spells                   Type           Power      Damage    Failure   Level
 Apportation              Tloc           4%         N/A       88%         1
 Ozocubu's Armour         Ice            2%         N/A       99%         3
 Alistair's Intoxication  Tmut/Pois      1%         N/A       100%        5
 Borgnjor's Vile Clutch   Necr/Erth      1%         N/A       100%        5
 Eringya's Noxious Bog    Tmut/Pois      1%         N/A       100%        6
 Ozocubu's Refrigeration  Ice            1%         4d5       100%        7
 Animate Skeleton         Necr           Unusable   N/A       N/A         1
 Summon Small Mammal      Summ           Unusable   N/A       N/A         1

Dungeon Overview and Level Annotations

Branches:
Dungeon (5/15)              Sewer (visited)
 Temple: D:4-7

Altars:
Okawaru
The Shining One

Shops:
D:2 ::=*(   D:5 ?


Innate Abilities, Weirdness & Mutations

You have a pair of horns on your head.
You sometimes emit foul miasma when damaged in melee.
You are partially covered in razor-sharp scales. (AC +1, Slay +1)
Your flesh is heat resistant. (rF+)
You have hidden genetic potential.


Message History

* * * LOW HITPOINT WARNING * * *
Something draws strength from your injuries!
Unknown command.
Unknown command.
Unknown command.
Unknown command.
It was a potion of ambrosia.
You are confused.
You feel invigorated. Something hits you but does no damage.
Something bites you!
* * * LOW HITPOINT WARNING * * *
Something draws strength from your injuries!
Unknown command.
Unknown command.
Unknown command.
Okay, then.
Unknown command.
You miss something.
You hear some strange, mumbled words.
You are more confused.
Unknown command.
You hit something. Your headbutt misses something.
Something hits you but does no damage. Something bites you but does no damage.
Unknown command.
You bump into the rock wall.
You feel less invigorated. Something hits you.
* * * LOW HITPOINT WARNING * * *
Something bites you!
* * * LOW HITPOINT WARNING * * *
Something draws strength from your injuries!
Unknown command.
Unknown command.
It was a potion of magic.
Magic courses through your body. Something hits you but does no damage.
Something bites you.
* * * LOW HITPOINT WARNING * * *
Something draws strength from your injuries!
Unknown command.
Unknown command.
Unknown command.
Something hits you but does no damage. Something bites you!
You die...

#.....###.#.#
##..........#
#..#.###.###
.#######........#
............#####
#########.###
#.####### ###
#.......# ..#
#..####@# #.# #..#
#{# #.#
####..####.####
#.#####.............#
....)...##..####.##.#
#.#######...####.# #
..# #.........# ###
##...###### ##.##


There were no monsters in sight!

Vanquished Creatures
  2 water moccasins
  An ice beast (D:5)
  2 ogres
  2 phantoms
  4 kobold brigands (Sewer)
  2 scorpions
  2 hounds
  5 orc priests
  A jelly (D:5)
  2 iguanas (D:5)
  2 orc wizards (D:3)
  8 gnolls
  11 adders
  A river rat (Sewer)
  5 worms
  6 dart slugs
  15 orcs
  13 ball pythons
  6 bats
  11 endoplasms
  5 giant cockroaches
  10 hobgoblins
  7 jackals
  13 kobolds
  5 quokkas
  A frilled lizard (D:2)
  12 goblins
  12 rats
166 creatures vanquished.

Notes
Turn   | Place    | Note
-------+----------+-------------------------------------------
     0 | D:1      | Morbidden the Demonspawn Fighter began the quest for the
                  | Orb.
     0 | D:1      | Reached XP level 1. HP: 18/18 MP: 1/1
   150 | D:1      | Gained mutation: You are partially covered in razor-sharp
                  | scales. (AC +1, Slay +1) [demonic ancestry]
   150 | D:1      | Reached XP level 2. HP: 24/24 MP: 2/2
   418 | D:1      | Reached skill level 2 in Axes
   576 | D:1      | Reached XP level 3. HP: 20/29 MP: 3/3
  1598 | D:2      | Found Zaoppac's Book Emporium.
  1620 | D:2      | Found Bahirr's Weapon Shoppe.
  1654 | D:2      | Found Juwkoul's Jewellery Emporium.
  1675 | D:2      | Found an iron altar of Okawaru.
  1705 | D:2      | Found Tarhal's General Store.
  1715 | D:2      | Became a worshipper of Warmaster Okawaru
  1860 | D:2      | Gained mutation: You have a pair of small horns on your
                  | head. [demonic ancestry]
  1860 | D:2      | Reached XP level 4. HP: 31/35 MP: 4/4
  1897 | D:2      | Found Poejougu's Book Shoppe.
  1941 | D:2      | Found a faded altar of an unknown god.
  1961 | D:2      | Reached skill level 3 in Axes
  1961 | D:2      | Reached skill level 1 in Dodging
  2274 | D:2      | Reached skill level 1 in Spellcasting
  2642 | D:3      | Noticed a phantom
  2644 | D:3      | Reached skill level 1 in Invocations
  2644 | D:3      | Gained mutation: You may rarely emit foul miasma when
                  | damaged in melee. [demonic ancestry]
  2644 | D:3      | Reached XP level 5. HP: 38/41 MP: 6/6
  2668 | D:3      | Killed a phantom
  2668 | D:3      | Reached * piety under Okawaru
  2710 | D:3      | Gained mutation: You sometimes emit foul miasma when
                  | damaged in melee. [demonic ancestry]
  2710 | D:3      | Reached XP level 6. HP: 20/48 MP: 5/8
  2756 | D:3      | Reached skill level 4 in Axes
  2768 | D:3      | Found a glowing drain.
  2817 | Sewer    | Entered a sewer
  3649 | Sewer    | Reached ** piety under Okawaru
  3650 | Sewer    | Reached XP level 7. HP: 23/54 MP: 6/9
  4115 | D:3      | Reached skill level 5 in Axes
  4119 | D:3      | Gained mutation: You have hidden genetic potential. [potion
                  | of mutation]
  5419 | D:4      | Gained mutation: You have a pair of horns on your head.
                  | [demonic ancestry]
  5419 | D:4      | Reached XP level 8. HP: 61/61 MP: 11/11
  5462 | D:4      | Reached skill level 6 in Axes
  5666 | D:4      | Gained mutation: Your flesh is heat resistant. (rF+)
                  | [hidden potential]
  5850 | D:5      | Entered Level 5 of the Dungeon
  5949 | D:5      | Reached *** piety under Okawaru
  6043 | D:5      | Reached skill level 1 in Throwing
  6713 | D:5      | Found Cewkamm's Magic Scroll Boutique.
  6786 | D:5      | Slain by a vampire

Illustrated notes

Levels and vault maps discovered:
D:1:      tarquinn_simple_flora_water_d, layout_basic
D:2:      kennysheep_six_static_rooms, layout_loops_ring, serial_shops,
          nicolae_shop_hallway_plus, shop_statue, shop, shop, shop,
          nicolae_ecumenical_snake_handling, basic_altar, minmay_quadrilaterals
D:3:      layout_rooms, portal_sewer_entry_e, kennysheep_generic_room_2
D:4:      minmay_inner_zag, layout_basic, kennysheep_mini,
          hangedman_decor_clover_reticule
D:5:      layout_loops_corners, serial_shops,
          nicolae_shop_temple_entry_statues_fountains,
          kennysheep_generic_room_14

Skill      XL: |  1  2  3  4  5  6  7  8 |
---------------+-------------------------+-----
Shields        | 3 |  3.5
Axes           | 2 3 4 5 6 |  6.9
Dodging        | 1 2 |  2.9
Spellcasting   | 1 2 3 |  3.0
Armour         | 3 |  3.9
Invocations    | 1 2 3 4 |  4.3
Fighting       | 4 |  4.8
Throwing       | 1 |  1.2
Stealth        | |  0.2

Action                   |  1- 3 |  4- 6 |  7- 9 || total
-------------------------+-------+-------+-------++-------
Melee: War axe           |   114 |   195 |   182 ||   491
       Headbutt          |       |    29 |    29 ||    58
Throw: Dart              |       |       |    38 ||    38
       Boomerang         |       |       |    11 ||    11
Invok: Heroism           |       |       |     5 ||     5
  Use: Scroll            |       |     1 |     5 ||     6
       Potion            |       |       |     5 ||     5
Armor: Scale mail        |    59 |    87 |    24 ||   170
       Plate armour      |       |       |    97 ||    97
Dodge: Dodged            |    47 |    85 |    61 ||   193
Block: Buckler           |    32 |    45 |    50 ||   127

Table legend: (Time is in decaauts)
 A = Elapsed time spent in this place.
 B = Non-inter-level travel time spent in this place.
 C = Inter-level travel time spent in this place.
 D = Time resting spent in this place.
 E = Time spent auto-exploring this place.
 F = Levels seen in this place.
 G = Mean time per level.
                   A        B        C        D        E       F      G
               +--------+--------+--------+--------+--------+-----+--------+
         Total |   7101 |   6924 |    177 |    550 |   4947 |   6 | 1183.5 |
       Dungeon |   5702 |   5525 |    177 |    526 |   3869 |   5 | 1140.4 |
         Sewer |   1399 |   1399 |      0 |     24 |   1077 |   1 | 1399.0 |
               +--------+--------+--------+--------+--------+-----+--------+

Top non-repeatable levels by time:
     D:1: 1416 daAuts
   Sewer: 1399 daAuts
     D:2: 1287 daAuts
     D:3: 1030 daAuts
     D:4: 1022 daAuts
     D:5: 946 daAuts
